 Dungeon Crawl Stone Soup version 0.29.1-1-gd02db6906a (webtiles) character file.

Game seed: 16311011166292758176

4 fireball365 the Digger (level 1, 0/14 HPs)
             Began as a Demigod Earth Elementalist on Oct 5, 2022.
             Slain by a goblin
             ... wielding a +0 dagger of flaming
              (1 damage)
             ... on level 1 of the Dungeon.
             The game lasted 00:00:41 (62 turns).

fireball365 the Digger (Demigod Earth Elementalist)   Turns: 62, Time: 00:00:41

Health: 0/14       AC:  2    Str:  9    XL:     1   Next: 40%
Magic:  4/5        EV: 12    Int: 17    God:
Gold:   18         SH:  0    Dex: 14    Spells: 2/3 levels left

rFire   . . .      SeeInvis .   (no weapon)
rCold   . . .      Faith    .   (no shield)
rNeg    . . .      Spirit   .   a - +0 robe
rPois   .          Reflect  .   (no helmet)
rElec   .          Harm     .   (no cloak)
rCorr   .          Rampage  .   (no gloves)
Will    .....                   (no boots)
Stlth   ++........              (no amulet)
HPRegen 0.04/turn               (no ring)
MPRegen 0.09/turn               (no ring)

@: no status effects
A: high MP 1, forlorn, divine attributes
a: no special abilities


You were on level 1 of the Dungeon.
You visited 1 branch of the dungeon, and saw 1 of its levels.

You collected 18 gold pieces.

Inventory:

Armour
 a - a +0 robe (worn)
Scrolls
 c - a scroll of teleportation {unknown}


   Skills:
 + Level 1.9 Dodging
 + Level 1.9 Stealth
 + Level 1.7 Spellcasting
 + Level 0.8 Transmutations
 + Level 2.8 Earth Magic


You had 2 spell levels left.
You knew the following spells:

 Your Spells              Type           Power      Damage    Failure   Level
a - Sandblast             Erth           22%        2d7       6%          1

Your spell library contained the following spells:

 Spells                   Type           Power      Damage    Failure   Level
 Passwall                 Tmut/Erth      5%         N/A       14%         2
 Stone Arrow              Conj/Erth      12%        3d7       32%         3
 Petrify                  Tmut/Erth      7%         N/A       67%         4


Dungeon Overview and Level Annotations

Branches:
Dungeon (1/15)


Innate Abilities, Weirdness & Mutations

You have an increased reservoir of magic. (+10% MP)
You shall have no god before yourself.
Your divine heritage dramatically boosts your attributes as you level up.


Message History

The blast of sand hits the goblin.
You kill the goblin!
The goblin shouts!
Things that are here:
a +0 dagger; 11 gold pieces; a goblin corpse You miscast Sandblast.
You are very lightly contaminated with residual magic.
Nothing appears to happen.
You are out of magic!
You are out of magic!
Things that are here:
a +0 dagger; 11 gold pieces; a goblin corpse A rat comes into view.
There is a stone staircase leading down here.
You see here a +0 club.
Your magical contamination has completely faded away.
The goblin attacks as you move away!
The goblin hits you with a +0 dagger of flaming.
The goblin burns you.
The blast of sand hits the goblin.
The goblin is severely wounded.
The goblin hits you with a +0 dagger of flaming.
The goblin burns you.
* * * LOW HITPOINT WARNING * * *
The goblin hits you with a +0 dagger of flaming.
* * * LOW HITPOINT WARNING * * *
The goblin burns you.
* * * LOW HITPOINT WARNING * * *
Magic courses through your body. The goblin completely misses you.
You closely miss the goblin.
The goblin is severely wounded.
The goblin barely misses you.
You are too injured to fight recklessly!
Casting: Sandblast (safe; 6% risk of failure)
Confirm with . or Enter, or press ? or * to list all spells.
Aiming: Sandblast (safe; 6% risk of failure)
Press: ? - help, Shift-Dir - straight line, p - goblin The blast of sand misses the goblin.
The goblin hits you with a +0 dagger of flaming.
You die...

#♣......8.......# ## #
#.#...............# ..
#.
#.##.♣............##.#
#r.
#.######♣.........∩..#
..####.#####
#.....♣...#### .?..#..
..# ##.......##
#....###.###∩......♣#
#.#+#[.#.##..##.###.♣.♣#
#.......)>.r)..g@######
#.....##.####†...# #....
#.#......!# #...
#.#.##....# #.. #.#
....#.# #. ..#..####.# #
###.. #.# #. #.#


You could see a goblin and a rat.

Vanquished Creatures
  2 goblins (D:1)
  A quokka (D:1)
3 creatures vanquished.

Notes
Turn   | Place    | Note
-------+----------+-------------------------------------------
     0 | D:1      | fireball365 the Demigod Earth Elementalist began the quest
                  | for the Orb.
     0 | D:1      | Reached XP level 1. HP: 14/14 MP: 5/5
    62 | D:1      | Slain by a goblin

Illustrated notes

Levels and vault maps discovered:
D:1:      nzn_arrival_settlement, layout_basic, serial_shops,
          nicolae_shop_bloodbath_and_beyond, minmay_octomino_e4

Action                   || total
-------------------------++-------
Melee: Unarmed           ||     1
 Cast: Sandblast         ||     7
  Use: Potion            ||     1
Dodge: Dodged            ||     2
